 Dungeon Crawl Stone Soup version 0.30-a0-718-geaa24f58ff (webtiles) character file.

Game seed: 14259596097728012417

4 tilp the Shield-Bearer (level 1, -2/19 HPs)
             Began as a Meteoran Fighter on Jan 25, 2023.
             Slain by Sigmund
             ... wielding a +0 scythe
              (7 damage)
             ... on level 2 of the Dungeon.
             The game lasted 00:00:53 (132 turns).

tilp the Shield-Bearer (Meteoran Fighter)            Turns: 132, Time: 00:00:54

Health: -2/19      AC:  6    Str: 17    XL:     1   Next: 85%
Magic:  2/2        EV:  9    Int:  9    God:
Gold:   36         SH:  0    Dex: 13    Spells: 0/0 levels left

rFire   . . .      SeeInvis .    a - +0 long sword
rCold   . . .      Faith    .    c - +0 buckler
rNeg    . . .      Spirit   .    b - +0 scale mail
rPois   .          Reflect  .    (no helmet)
rElec   .          Harm     .    (no cloak)
rCorr   .          Rampage  .    (no gloves)
Will    .....                    (no boots) Stlth
                                 (no amulet)
HPRegen 0.23/turn                (no ring)
MPRegen 0.08/turn                (no ring)

@: confused, glowing
A: sense surroundings 1, otherworldly, glowing, explore regen
a: no special abilities


You were on level 2 of the Dungeon.
You visited 1 branch of the dungeon, and saw 2 of its levels.

You collected 36 gold pieces.

Inventory:

Hand Weapons
 a - a +0 long sword (weapon)
Armour
 b - a +0 scale mail (worn)
 c - a +0 buckler (worn)
Scrolls
 e - 2 scrolls of identify {unknown}
 g - a scroll of immolation {unknown}
Potions
 d - 2 potions of might
 f - a potion of mutation {unknown}


   Skills:
 + Level 3.3 Fighting
 + Level 2.5 Long Blades
 + Level 3.6 Armour
 * Level 0.5 Dodging
 + Level 0.0 Stealth
 + Level 3.7 Shields


You couldn't memorise any spells.
You didn't know any spells.
Your spell library was empty.

Dungeon Overview and Level Annotations

Branches:
Dungeon (2/15) Zot: 1064

Altars:

Annotations:
D:2 Sigmund


Innate Abilities, Weirdness & Mutations

You passively map a small area around you.
You are easily found by Zot.
You glow in the dark.
You regain HP and MP as you explore.


Message History

Sigmund shouts!
The hobgoblin shouts!
You see here a metallic purple potion.
You see here a metallic purple potion.
f - a metallic purple potion Sigmund gestures at you while chanting.
You are confused.
You're too confused to move!
The hobgoblin hits you. The hobgoblin attacks as you move away!
The hobgoblin hits you but does no damage.
Sigmund is suddenly surrounded by pale blue light.
Sigmund gestures wildly while chanting.
Sigmund flickers and vanishes!
Deactivating autopickup; reactivate with Ctrl-A.
You barely miss the hobgoblin.
The hobgoblin hits you but does no damage.
Something hits you. Something hits you.
The hobgoblin hits you but does no damage.
The hobgoblin attacks as you move away!
The hobgoblin hits you but does no damage.
You feel less confused.
A scorpion comes into view.
The scorpion moves out of view.
The hobgoblin attacks as you move away! The hobgoblin barely misses you.
You see here a scroll labelled HAJEESMAESS.
g - a scroll labelled HAJEESMAESS The scorpion falls through a shaft!
The shaft crumbles and collapses.
You block the hobgoblin's attack. Something hits you.
The hobgoblin closely misses you.
You slash something!
You hear some strange, mumbled words.
You are confused.
The hobgoblin hits you. Something hits you.
* * * LOW HITPOINT WARNING * * *
The hobgoblin attacks as you move away! The hobgoblin barely misses you.
The hobgoblin hits you but does no damage.
You hear some strange, mumbled words.
You are more confused.
Something hits you but does no damage. Something hits you!
You die...

* #.#.##.# , #.#.# *
#.#.##.####.#.#.# ,
#...........#.#.####
###..#...####.#.#..# ,
* #....................
, *
###...#..##..........
#.###.....>...#..#..$..
,
#......#...............
, ,
###...<.......@..#.####
* #.##.#.#.#..g.......,
,...#..#....{...#..##.,
* #####.####.#....#..#
, * #. ,...#.........
,* * ##*#####..#.......
,* ,, #.......... * , *
* ####....#.. * * *
*#.### .


You could see a hobgoblin.

Vanquished Creatures
  A ball python (D:1)
  A bat (D:1)
  A hobgoblin (D:1)
3 creatures vanquished.

Notes
Turn   | Place    | Note
-------+----------+-------------------------------------------
     0 | D:1      | tilp the Meteoran Fighter began the quest for the Orb.
     0 | D:1      | Reached XP level 1. HP: 19/19 MP: 2/2
   114 | D:2      | Noticed Sigmund
   125 | D:2      | Noticed a scorpion
   132 | D:2      | Slain by Sigmund

Illustrated notes

Levels and vault maps discovered:
D:1:      giann_forest_graveyard, layout_basic,
          nicolae_ecumenical_snake_handling, chequers_mini_garden
D:2:      layout_basic, minmay_misc_feat_roman, minmay_tromino_v4_a,
          uniq_natasha, uniq_sigmund

Action                     || total
---------------------------++-------
  Melee: Long sword        ||    10
 Armour: Scale mail        ||    10
  Dodge: Dodged            ||     7
  Block: Buckler           ||     2

Table legend: (Time is in decaauts)
 A = Elapsed time spent in this place.
 B = Non-inter-level travel time spent in this place.
 C = Inter-level travel time spent in this place.
 D = Time resting spent in this place.
 E = Time spent auto-exploring this place.
 F = Levels seen in this place.
 G = Mean time per level.
                   A        B        C        D        E       F      G
               +--------+--------+--------+--------+--------+-----+--------+
         Total |    134 |    134 |      0 |      0 |      0 |   2 |   67.0 |
       Dungeon |    134 |    134 |      0 |      0 |      0 |   2 |   67.0 |
               +--------+--------+--------+--------+--------+-----+--------+

Top non-repeatable levels by time:
     D:1: 88 daAuts
     D:2: 46 daAuts
